 Dungeon Crawl Stone Soup version 0.30-a0-760-g5a9884bb7c (webtiles) character file.

Game seed: 7924728905784473278

3197 inmateoo the Carver (level 9, 0/56 HPs)
             Began as a Tengu Gladiator on Feb 11, 2023.
             Was a Priest of Okawaru.
             Killed from afar by an acid dragon (19 damage)
             ... with a splash of acid
             ... on level 8 of the Dungeon.
             The game lasted 00:07:31 (5799 turns).

inmateoo the Carver (Tengu Gladiator)               Turns: 5799, Time: 00:07:32

Health: 0/56       AC:  3    Str: 12    XL:     9   Next: 96%
Magic:  0/14       EV: 16    Int:  9    God:    Okawaru [***...]
Gold:   417        SH:  0    Dex: 26    Spells: 8/8 levels left

rFire   . . .      SeeInvis .    r - +6 dagger of Dissatisfaction {vamp, rElec rN+++ Str-2}
rCold   + . .      Faith    .    (no shield)
rNeg    + + +      Spirit   +    K - +4 scale mail of Hadjma {rElec}
rPois   .          Reflect  .    c - +0 hat
rElec   +          Harm     .    n - +0 cloak
rCorr   .          Rampage  .    (no gloves)
Will    .....                    (boots unavailable)
Stlth   +                        b - amulet of guardian spirit
HPRegen 0.29/turn                l - ring of protection from cold
MPRegen 0.14/turn                M - +6 ring of dexterity

@: corroded, flying quickly and evasively, quick
A: beak, talons 3, nimble flight
a: Renounce Religion, Heroism


You were on level 8 of the Dungeon.
You worshipped Okawaru.
Okawaru was most pleased with you.
You visited 1 branch of the dungeon, and saw 8 of its levels.

You collected 487 gold pieces.
You spent 70 gold pieces at shops.

Inventory:

Hand Weapons
 a - a +0 long sword
 r - the +6 dagger of Dissatisfaction (weapon) {vamp, rElec rN+++ Str-2}
   (You found it on level 2 of the Dungeon)

   Str:       It affects your strength (-2).
   rElec:     It insulates you from electricity.
   rN:        It renders you almost immune to negative energy.
Missiles
 d - 4 throwing nets (quivered)
 e - a javelin
Armour
 c - a +0 hat (worn)
 n - a +0 cloak (worn)
 K - the +4 scale mail of Hadjma (worn) {rElec}
   (You found it on level 6 of the Dungeon)

   rElec:     It insulates you from electricity.
Jewellery
 b - an amulet of guardian spirit (around neck)
 l - a ring of protection from cold (left hand)
 B - a ring of fire
 F - a ring of ice
 M - a +6 ring of dexterity (right hand)
Wands
 C - a wand of flame (50)
 L - a wand of roots (1)
Scrolls
 h - 2 scrolls of immolation
 k - a scroll of poison
 o - a scroll of fog
 q - 5 scrolls of silence
 s - 2 scrolls of teleportation
 x - a scroll of vulnerability
Potions
 f - a potion of heal wounds
 g - a potion of resistance
 i - 4 potions of lignification
 j - 2 potions of mutation
 m - a potion of ambrosia
 p - 2 potions of attraction {unknown}
 t - 2 potions of flight {unknown}
 v - 2 potions of curing {unknown}
 w - a potion of degeneration {unknown}
 G - 2 potions of brilliance {unknown}
 J - a potion of cancellation
 N - a potion of haste


   Skills:
 + Level 6.9 Fighting
 - Level 10.0 Long Blades
 - Level 2.0 Throwing
 - Level 7.0 Dodging
 + Level 5.4 Invocations


You had 8 spell levels left.
You didn't know any spells.
Your spell library contained the following spells:

 Spells                   Type           Power      Damage    Failure   Level
 Magic Dart               Conj           0%         1d3       92%         1
 Cigotuvi's Dreadful Rot  Necr/Pois/Air  0%         N/A       98%         2
 Poisonous Vapours        Pois/Air       0%         N/A       98%         2
 Gell's Gravitas          Tloc           0%         N/A       100%        3
 Mephitic Cloud           Conj/Pois/Air  0%         N/A       100%        3
 Ozocubu's Armour         Ice            0%         N/A       100%        3
 Portal Projectile        Hex/Tloc       0%         N/A       100%        3
 Teleport Other           Tloc           0%         N/A       100%        3
 Leda's Liquefaction      Hex/Erth       0%         N/A       100%        4
 Olgreb's Toxic Radiance  Pois           0%         N/A       100%        4
 Yara's Violent Unravell  Hex/Tmut       0%         3d3       100%        5
 Dispersal                Tloc           0%         N/A       100%        6
 Enfeeble                 Hex            0%         N/A       100%        7
 Ozocubu's Refrigeration  Ice            0%         4d7       100%        7
 Ignition                 Fire           0%         3d3       100%        8
 Summon Small Mammal      Summ           Unusable   N/A       N/A         1
 Call Imp                 Summ           Unusable   N/A       N/A         2
 Call Canine Familiar     Summ           Unusable   N/A       N/A         3
 Summon Guardian Golem    Hex/Summ       Unusable   N/A       N/A         3

Dungeon Overview and Level Annotations

Branches:
Dungeon (8/15)             Temple (0/1) D:6
   Lair: D:8-11

Altars:
Hepliaklqana
Okawaru
Ru
Vehumet
Yredelemnul

Shops:
D:3 *

Annotations:
D:7 3 runed translucent doors, kae's ghost, novice GrEE


Innate Abilities, Weirdness & Mutations

You have a beak for a mouth.
You have claws for feet.
Your magical nature lets you fly swiftly and evasively.


Message History

The acid dragon bites you. The acid dragon claws you.
You barely miss the acid dragon. Your kick misses the acid dragon.
The acid dragon is lightly wounded.
You hit the acid dragon but do no damage.
Your kick misses the acid dragon. You peck the acid dragon.
The acid dragon is moderately wounded.
The acid dragon misses you. x2
You hit the acid dragon.
You claw the acid dragon, but do no damage.
The acid dragon is moderately wounded.
The acid dragon spits acid at you. The splash of acid hits you!!
The acid corrodes you!
You hear a shout!
You closely miss the acid dragon. You claw the acid dragon.
The acid dragon is moderately wounded.
The acid dragon bites you!
* * * LOW HITPOINT WARNING * * *
The acid dragon completely misses you.
An orc comes into view. It is wielding a +0 trident.
You are too injured to fight recklessly!
You completely miss the acid dragon.
You claw the acid dragon, but do no damage.
The acid dragon is moderately wounded.
You hit the acid dragon but do no damage.
You claw the acid dragon, but do no damage.
The acid dragon is moderately wounded.
The acid dragon misses you.
The acid dragon claws you but does no damage.
You are too injured to fight recklessly!
Okay, then.
You feel much better. The acid dragon bites you!
The acid dragon barely misses you.
An orc comes into view. It is wielding a +0 dagger.
The acid dragon spits acid at you. The splash of acid hits you!
You see here an amulet of magic regeneration.
There is a stone staircase leading up here.
The acid dragon spits acid at you. The splash of acid hits you!!
You die...

... .# . ... .# ..
... .#
..##.#######.###
..........>..+
..####.####D#.####
#..........#.#D#
#...###....#o#.#
#......@..D..#.#
#.#.#........#o#
###..##.##.#
.....##.##o#
####.##.....
#.##### #.# .#


You could see an acid dragon (catching breath) and an orc.

Vanquished Creatures
  A hornet (D:7)
  Sigmund (D:4)
  3 yaks
  A wyvern (D:7)
  A steam dragon (D:6)
  Menkaure (D:4)
  3 ice beasts
  2 black bears
  A centaur (D:6)
  3 bullfrogs (D:7)
  2 kobold brigands
  A necrophage (D:5)
  4 scorpions
  2 howler monkeys (D:7)
  6 hounds
  2 orc priests (D:4)
  10 iguanas
  2 orc wizards
  7 adders
  9 gnolls
  2 ufetubi
  A worm (D:2)
  7 dart slugs
  11 orcs
  5 ball pythons
  6 bats
  4 endoplasms
  4 giant cockroaches
  9 goblins
  7 hobgoblins
  4 jackals (D:4)
  4 quokkas
  4 frilled lizards
  17 kobolds
  6 rats
153 creatures vanquished.

Vanquished Creatures (others)
  A butterfly (D:6)
1 creature vanquished.

Grand Total: 154 creatures vanquished

Notes
Turn   | Place    | Note
-------+----------+-------------------------------------------
     0 | D:1      | inmateoo the Tengu Gladiator began the quest for the Orb.
     0 | D:1      | Reached XP level 1. HP: 12/12 MP: 2/2
   181 | D:1      | Reached XP level 2. HP: 6/17 MP: 3/3
   704 | D:1      | You fall into a shaft and drop 1 floor!
   791 | D:2      | Reached XP level 3. HP: 22/22 MP: 4/4
   816 | D:2      | Reached skill level 4 in Long Blades
   979 | D:2      | Identified the +6 dagger of Dissatisfaction {vamp, rElec
                  | rN+++ Str-2}
  1487 | D:3      | Reached XP level 4. HP: 25/27 MP: 5/5
  1780 | D:3      | Found a large runed translucent door.
  1785 | D:3      | Found a large runed translucent door.
  1833 | D:3      | Gained mutation: Your magical nature lets you fly swiftly
                  | and evasively. [Tengu growth]
  1833 | D:3      | Reached XP level 5. HP: 32/32 MP: 6/6
  1852 | D:3      | Reached skill level 5 in Long Blades
  2095 | D:3      | Found Lesaepne's General Store.
  2103 | D:3      | Bought a potion of heal wounds for 70 gold pieces
  2342 | D:3      | Found a basalt altar of Yredelemnul.
  2347 | D:3      | Found an iron altar of Okawaru.
  2355 | D:3      | Became a worshipper of Warmaster Okawaru
  2402 | D:4      | Noticed Sigmund
  2525 | D:4      | Reached skill level 1 in Invocations
  2525 | D:4      | Reached XP level 6. HP: 30/37 MP: 7/7
  2632 | D:4      | Killed Sigmund
  2633 | D:4      | Reached skill level 6 in Long Blades
  2661 | D:4      | Identified the +3 glaive "Zugiamil" {elec, rElec rCorr}
  2768 | D:4      | Noticed Menkaure
  2777 | D:4      | Killed Menkaure
  2777 | D:4      | Reached * piety under Okawaru
  2778 | D:4      | Reached skill level 5 in Dodging
  2778 | D:4      | Reached XP level 7. HP: 43/43 MP: 9/9
  3203 | D:5      | Entered Level 5 of the Dungeon
  3213 | D:5      | Noticed a yak
  3214 | D:5      | Noticed a yak
  3215 | D:5      | Noticed a yak
  3237 | D:4      | Killed a yak
  3238 | D:4      | Reached skill level 7 in Long Blades
  3238 | D:4      | Reached XP level 8. HP: 30/48 MP: 10/10
  3247 | D:4      | Killed a yak
  3247 | D:4      | Reached ** piety under Okawaru
  3283 | D:5      | Killed a yak
  3431 | D:5      | Found a hazy altar of Hepliaklqana.
  3545 | D:4      | Reached skill level 5 in Fighting
  3660 | D:5      | Found a sacrificial altar of Ru.
  3665 | D:5      | Reached skill level 8 in Long Blades
  3970 | D:6      | Identified the +4 scale mail of Hadjma {rElec}
  3999 | D:6      | Reached XP level 9. HP: 54/54 MP: 12/12
  4169 | D:6      | Reached *** piety under Okawaru
  4170 | D:6      | Reached skill level 9 in Long Blades
  4190 | D:6      | Found a staircase to the Ecumenical Temple.
  4505 | D:7      | Found a runed translucent gate.
  4506 | D:7      | Found a runed translucent gate.
  4513 | D:7      | Noticed a red ugly thing
  4513 | D:7      | Found a runed translucent gate.
  4514 | D:7      | Noticed kae's ghost (novice GrEE)
  4558 | D:7      | Found a radiant altar of Vehumet.
  4664 | D:7      | Noticed a hornet
  4677 | D:7      | Paralysed by a hornet for 3 turns
  4685 | D:7      | Killed a hornet
  5356 | D:7      | Reached skill level 10 in Long Blades
  5376 | D:7      | Reached skill level 5 in Invocations
  5799 | D:8      | Killed from afar by an acid dragon

Illustrated notes

Levels and vault maps discovered:
D:1:      wheals_arrival_linesprint, layout_loops_ring, minmay_strange_pillars
D:2:      layout_basic, minmay_misc_feat_alley, hex_large
D:3:      layout_loops_corners, jmf_multi_god_temple2, serial_shops, shop
D:4:      layout_basic, uniq_menkaure, uniq_sigmund
D:5:      layout_rooms, lemuel_doored_altar, mainiacjoe_overflow_small_starburst
D:6:      layout_basic, minmay_temple_entry_butterflies, minmay_misc_feat_roman
D:7:      layout_basic, overflow_temple_1_default, gammafunk_ghost_split
D:8:      wander_kiku_kobolds, layout_basic, mainiacjoe_overflow_cross_hatched

Skill      XL: |  1  2  3  4  5  6  7  8  9 |
---------------+----------------------------+-----
Long Blades    | 4 5 6 7 8 10 | 10.0
Dodging        | 4 5 6 7 |  7.0
Fighting       | 3 4 5 6 |  6.9
Invocations    | 1 2 3 5 |  5.4
Throwing       | |  2.0

Action                     |  1- 3 |  4- 6 |  7- 9 || total
---------------------------+-------+-------+-------++-------
  Melee: Long sword        |    76 |       |       ||    76
         Kick              |    21 |    21 |   116 ||   158
         Peck              |    18 |    12 |    82 ||   112
         Punch             |     2 |       |     5 ||     7
         Dagger            |    28 |    77 |   299 ||   404
  Evoke: Wand              |       |       |     3 ||     3
    Use: Scroll            |       |       |    15 ||    15
         Potion            |       |       |     2 ||     2
 Armour: Leather armour    |     6 |       |       ||     6
         Ring mail         |    39 |    14 |    20 ||    73
         Scale mail        |       |       |    74 ||    74
  Dodge: Dodged            |    66 |    43 |   238 ||   347

Table legend: (Time is in decaauts)
 A = Elapsed time spent in this place.
 B = Non-inter-level travel time spent in this place.
 C = Inter-level travel time spent in this place.
 D = Time resting spent in this place.
 E = Time spent auto-exploring this place.
 F = Levels seen in this place.
 G = Mean time per level.
                   A        B        C        D        E       F      G
               +--------+--------+--------+--------+--------+-----+--------+
         Total |   5465 |   5331 |    134 |    874 |   3234 |   8 |  683.1 |
       Dungeon |   5465 |   5331 |    134 |    874 |   3234 |   8 |  683.1 |
               +--------+--------+--------+--------+--------+-----+--------+

Top non-repeatable levels by time:
     D:4: 985 daAuts
     D:3: 925 daAuts
     D:7: 866 daAuts
     D:6: 794 daAuts
     D:2: 733 daAuts
     D:1: 713 daAuts
     D:5: 406 daAuts
     D:8: 39 daAuts
